 Dungeon Crawl Stone Soup version 0.31-a0-210-gccc998df9b (webtiles) character file.

Game seed: 14860306637842206503

10470 GordonOverkill the Fighter (level 11, -5/89 HPs)
             Began as a Djinni Chaos Knight on June 26, 2023.
             Was a Believer of Dithmenos.
             Slain by an eight-headed hydra (10 damage)
             ... on level 11 of the Dungeon on June 29, 2023.
             The game lasted 00:42:39 (16027 turns).

GordonOverkill the Fighter (Djinni Chaos Knight)   Turns: 16027, Time: 00:42:40

Health: -5/89      AC:  8    Str: 11    XL:     11   Next: 93%
Gold:   81         EV: 12    Int: 22    God:    Dithmenos [**....] SH:  4 Dex: 14

rFire   + + +        F - +5 long sword of the Pits of Slime {chaos, rF+ Int+3}
rCold   . . .        (no shield)
rNeg    . . .        b - +2 leather armour
rPois   ∞            k - +1 helmet
rElec   +            j - +0 cloak
rCorr   +            (no gloves)
SInv    .            (boots unavailable)
Will    +++..        (no amulet)
Stlth   +++          g - ring of ice
HPRegen 0.00/turn    B - ring "Xaigi" {Wiz rElec Will+ rCorr}
MPRegen 0.00/turn

%: wizardry (x1), infuse magic (-6 HP)
@: flying, inhibited regen, wreathed by umbra, unable to drink
A: sickness immunity, fire resistance 3, cold vulnerability 1, float, innate
caster, HP casting, extra vitality 1, iridescent scales 1, large bone plates 1,
thin skeletal structure 1, deformed body, strong-willed 1, inhibited
regeneration, wild magic 1, inability to drink after injury 1, MP-powered wands
a: Renounce Religion, Shadow Step


You were on level 11 of the Dungeon.
You worshipped Dithmenos.
Dithmenos was pleased with you.
You visited 2 branches of the dungeon, and saw 12 of its levels.

You collected 664 gold pieces.
You spent 583 gold pieces at shops.

Inventory:

Hand Weapons
 m - a +4 scimitar of flaming
 o - a +0 dagger of holy wrath
 F - the +5 long sword of the Pits of Slime (weapon) {chaos, rF+ Int+3}
   (Xom gifted it to you on level 10 of the Dungeon)

   Int:       It affects your intelligence (+3).
   rF:        It protects you from fire.
Armour
 b - a +2 leather armour (worn)
 j - a +0 cloak (worn)
 k - a +1 helmet (worn)
Jewellery
 g - a ring of ice (left hand)
 s - an amulet of faith
 y - a ring of protection from fire
 z - a +6 ring of dexterity
 B - the ring "Xaigi" (right hand) {Wiz rElec Will+ rCorr}
   (Xom gifted it to you on level 8 of the Dungeon)

   [ring of wizardry]

   It improves your spell success rate.
   rElec:     It insulates you from electricity.
   rCorr:     It protects you from acid and corrosion.
   Will:      It increases your willpower.
Wands
 f - a wand of charming (17)
 q - a wand of roots (1)
 r - a wand of quicksilver (3)
 A - a wand of digging (2)
 D - a wand of polymorph (10)
Scrolls
 a - 3 scrolls of identify
 d - 3 scrolls of immolation
 l - 2 scrolls of teleportation
 u - 2 scrolls of poison
 v - 2 scrolls of vulnerability
 G - a scroll of revelation
 H - a scroll of enchant armour
Potions
 e - 6 potions of brilliance
 h - 3 potions of curing
 i - a potion of ambrosia
 n - 2 potions of might
 p - a potion of resistance
 w - 2 potions of attraction
 x - a potion of lignification
 C - a potion of invisibility
 E - a potion of mutation
Miscellaneous
 c - a piece from Xom's chessboard (15/15) (quivered)


   Skills:
 + Level 11.7 Fighting
 - Level 3.0 Long Blades
 - Level 2.0 Armour
 - Level 3.0 Dodging
 + Level 8.8 Spellcasting
 + Level 8.8 Conjurations
 + Level 8.8 Hexes
 + Level 8.8 Summonings
 + Level 8.8 Necromancy
 + Level 8.8 Translocations
 + Level 8.8 Transmutations
 + Level 8.8 Fire Magic
 + Level 8.8 Ice Magic
 + Level 8.8 Air Magic
 + Level 8.8 Earth Magic
 + Level 8.8 Poison Magic
 - Level 5.0 Invocations
 - Level 5.0 Evocations


You knew the following spells:

 Your Spells              Type           Power      Damage    Failure   Level
a - Sting                 Tmut/Pois      100%       1d8       1%          1
b - Call Imp              Summ           100%       N/A       1%          2
c - Volatile Blastmotes   Fire/Tloc      100%       2d18      1%          3
d - Ignite Poison         Fire/Tmut/Pois 58%        N/A       1%          3
e - Summon Lightning Spi  Summ/Air       58%        N/A       1%          4
Your spell library was empty.

Dungeon Overview and Level Annotations

Branches:
Dungeon (11/15)            Temple (1/1) D:4            Lair (0/5) D:8
    Orc (0/2) D:10

Altars:
Ashenzari
Cheibriados
Dithmenos
Elyvilon
Fedhas
Gozag
Hepliaklqana
Makhleb
Nemelex Xobeh
Okawaru
Qazlal
Ru
Trog
Uskayaw
Wu Jian
Xom
Yredelemnul
Zin
The Shining One

Shops:
D:3 *   D:7 *   D:11 *:*

Annotations:
D:8 3 runed translucent doors, mmBingo's ghost, novice DsHW
D:9 1 runed translucent door
D:10 1 runed translucent door, MacCMillion's ghost, journeyman GnIE


Innate Abilities, Weirdness & Mutations

You are immune to sickness and miasma.
You are immune to poison.
Your flesh is almost immune to the effects of heat. (rF+++)
You are vulnerable to cold. (rC-)
You float through the air rather than walking.
You learn spells naturally, not from books.
Your magical power is your life essence.
You have superior vitality. (+4 MHP)
You are partially covered in iridescent scales. (AC +2)
You are partially covered in large bone plates. (SH +4)
You have a somewhat thin skeletal structure. (Dex +2, Stealth+)
Armour fits poorly on your strangely shaped body.
You are strong-willed. (Will+)
You do not regenerate when monsters are visible.
Your spells are a little harder to cast, but a little more powerful.
You occasionally lose the ability to drink potions when taking damage.
You expend health (3 HP) to strengthen your wands.


Message History

The eight-headed hydra bites you!
* * * LOW HITPOINT WARNING * * *
The eight-headed hydra bites you!
* * * LOW HITPOINT WARNING * * *
The eight-headed hydra closely misses you.
The eight-headed hydra barely misses you.
The eight-headed hydra bites you.
* * * LOW HITPOINT WARNING * * *
The eight-headed hydra bites you.
* * * LOW HITPOINT WARNING * * *
The eight-headed hydra bites you!
You feel threatened and lose the ability to drink potions!
* * * LOW HITPOINT WARNING * * *
Okay, then.
Unknown command.
Unknown command.
You cannot drink potions in your current state!
Unknown command.
Unknown command.
Unknown command.
Unknown command.
Unknown command.
Unknown command.
Unknown command.
Aiming: Fastroot
Press: ? - help, Shift-Dir - straight line You feel a surge of power!
The roots erupt in riotous growth!
Roots grab the eight-headed hydra.
* * * LOW HITPOINT WARNING * * *
The grasping roots constrict the eight-headed hydra.
You hear a bellow! x2
The eight-headed hydra bites you!
* * * LOW HITPOINT WARNING * * *
You block the eight-headed hydra's attack.
The eight-headed hydra closely misses you. x2
You block the eight-headed hydra's attack.
The eight-headed hydra misses you. The eight-headed hydra bites you.
* * * LOW HITPOINT WARNING * * *
The eight-headed hydra bites you!
You die...

#......#....#..
#......#....#..
######......##'###..
#................#..
#.........∩......#..
#................#..
#......^.........###
#......<....)....'..
#..@..######.....#..
#####.D####....#.....#..
##...#..........#.....#..
#........8......#.....#..
#...............#.....#..
#....#######....#.....#..
###########.....#....#.....#..
#...............'....#.....#..
#...............###'##.....#..


You could see an eight-headed hydra (rooted).

Vanquished Creatures
  Pikel (D:7)
  A cyclops (D:11)
  An ugly thing (D:9)
  Maurice (D:9)
  Joseph (D:7)
  3 gargoyles
  Maggie (D:9)
  2 trolls (D:11)
  A merfolk (D:8)
  Sigmund (D:4)
  3 slime creatures (D:9)
  A yak (D:10)
  A wraith (D:11)
  Grum (D:8)
  A steam dragon (D:9)
  6 vampire mosquitoes (D:11)
  Menkaure (D:7)
  An acid dragon (D:9)
  A water moccasin (D:6)
  An ice beast (D:7)
  6 orc warriors
  A black bear (D:7)
  3 centaurs
  An ogre (D:10)
  4 phantoms
  3 wolves (D:8)
  A lemure (D:7)
  A kobold brigand (D:6)
  5 bullfrogs
  3 scorpions
  14 killer bees
  3 hounds
  2 jellies
  A gnoll bouda (D:8)
  9 orc priests
  Crazy Yiuf (D:2)
  A sleepcap (D:6)
  Natasha (twice) (D:2)
  An iguana (D:5)
  10 orc wizards
  Robin (D:1)
  10 adders
  4 gnolls
  3 shadow imps
  2 white imps
  3 worms
  2 dart slugs (D:2)
  58 orcs
  9 ball pythons
  4 bats
  6 endoplasms
  3 giant cockroaches
  21 goblins
  7 hobgoblins
  16 kobolds
  7 quokkas
  3 frilled lizards
  2 rats
263 creatures vanquished.

Vanquished Creatures (collateral kills)
  A shadow (D:10)
  2 vampire mosquitoes (D:11)
  A howler monkey (D:10)
  An orc priest (D:10)
  Natasha (D:2)
  An orc wizard (D:10)
  An adder (D:2)
  20 orcs (D:10)
  An endoplasm (D:2)
  A quokka (D:2)
  A ball python (D:2)
  A frilled lizard (D:2)
32 creatures vanquished.

Vanquished Creatures (others)
  An ogre (D:6)
  An orc wizard (D:7)
  2 gnolls (D:8)
4 creatures vanquished.

Grand Total: 299 creatures vanquished

Notes
Turn   | Place    | Note
-------+----------+-------------------------------------------
     0 | D:1      | GordonOverkill the Djinni Chaos Knight began the quest for
                  | the Orb.
     0 | D:1      | Reached XP level 1. HP: 20/20 MP: 0/0
    59 | D:1      | XOM: silly message
   114 | D:1      | Reached XP level 2. HP: 25/25 MP: 0/0
   133 | D:1      | XOM: potion effect (haste)
   437 | D:1      | Reached XP level 3. HP: 30/30 MP: 0/0
   437 | D:1      | Learned a level 1 spell: Sting
   620 | D:2      | Noticed Robin
   645 | D:2      | XOM: divination: magic mapping
   731 | D:1      | Killed Robin
   732 | D:1      | Reached XP level 4. HP: 35/35 MP: 0/0
   890 | D:2      | XOM: summons 2 friendly demons
   896 | D:2      | Reached skill level 1 in Spellcasting
   896 | D:2      | Reached skill level 1 in Conjurations
   896 | D:2      | Reached skill level 1 in Hexes
   896 | D:2      | Reached skill level 1 in Summonings
   896 | D:2      | Reached skill level 1 in Necromancy
   896 | D:2      | Reached skill level 1 in Translocations
   896 | D:2      | Reached skill level 1 in Transmutations
   896 | D:2      | Reached skill level 1 in Fire Magic
   896 | D:2      | Reached skill level 1 in Ice Magic
   896 | D:2      | Reached skill level 1 in Air Magic
   896 | D:2      | Reached skill level 1 in Earth Magic
   896 | D:2      | Reached skill level 1 in Poison Magic
  1026 | D:2      | Noticed Natasha
  1037 | D:2      | XOM: polymorph cerulean imp -> iron imp
  1043 | D:2      | XOM: cast spell 'Monstrous Menagerie'
  1046 | D:2      | Killed Natasha
  1047 | D:2      | Reached skill level 4 in Fighting
  1047 | D:2      | Reached XP level 5. HP: 13/41 MP: 0/0
  1047 | D:2      | Learned a level 2 spell: Call Imp
  1196 | D:2      | Noticed Natasha
  1210 | D:2      | XOM: summons 3 friendly demons
  1213 | D:2      | Killed Natasha
  1315 | D:2      | Noticed Natasha
  1318 | D:2      | Killed Natasha
  1332 | D:2      | XOM: cast spell 'Call Canine Familiar'
  1337 | D:2      | Reached XP level 6. HP: 39/48 MP: 0/0
  1560 | D:2      | Found a runed translucent door.
  1561 | D:2      | Noticed Crazy Yiuf
  1655 | D:2      | Killed Crazy Yiuf
  1704 | D:2      | XOM: god gift: runed war axe {god gift}
  2226 | D:3      | Found a faded altar of an unknown god.
  2282 | D:3      | Found a snail-covered altar of Cheibriados.
  2387 | D:3      | XOM: god gift: 4 atropa-tipped darts
  2438 | D:3      | XOM: scenery: 1 doors close
  2520 | D:3      | XOM: noise
  2537 | D:3      | Found Zeec Limism's Assorted Antiques.
  2545 | D:3      | Bought a scroll labelled FIPHEPH RUOB for 32 gold pieces
  2719 | D:3      | XOM: god gift: fuming golden potion {god gift}
  2928 | D:4      | Reached skill level 5 in Fighting
  2948 | D:4      | Found a staircase to the Ecumenical Temple.
  2948 | D:4      | XOM: 8-stop teleportation journey
  3218 | D:4      | XOM: 5-stop teleportation journey
  3259 | D:4      | XOM: 3-stop teleportation journey
  3358 | D:4      | Noticed Sigmund
  3368 | D:4      | Killed Sigmund
  3369 | D:4      | Reached XP level 7. HP: 44/55 MP: 0/0
  3369 | D:4      | Learned a level 3 spell: Volatile Blastmotes
  3424 | D:4      | XOM: god gift: quarterstaff {god gift}
  3533 | D:4      | Found a shimmering altar of Xom.
  3563 | D:4      | Found a broken altar of Ashenzari.
  3564 | D:4      | Found a burning altar of Makhleb.
  3564 | D:4      | Found a bloodstained altar of Trog.
  3568 | D:4      | Found a white marble altar of Elyvilon.
  3761 | D:5      | Entered Level 5 of the Dungeon
  3854 | D:4      | XOM: cloud trail
  3870 | D:4      | XOM: summons 1 hostile shadow creature
  4123 | D:5      | Reached skill level 6 in Fighting
  4142 | D:5      | XOM: cloud trail
  4194 | D:5      | XOM: divination: detect items
  4234 | D:5      | Gained mutation: You are partially covered in iridescent
                  | scales. (AC +2) [potion of mutation]
  4234 | D:5      | Gained mutation: You occasionally lose the ability to drink
                  | potions when taking damage. [potion of mutation]
  4234 | D:5      | Gained mutation: Your flesh is almost immune to the effects
                  | of heat. (rF+++) [potion of mutation]
  4312 | D:5      | Reached XP level 8. HP: 25/61 MP: 0/0
  4422 | D:5      | XOM: god gift: scale mail {god gift}
  4587 | D:5      | XOM: divination: detect items
  4666 | D:5      | XOM: noise
  4708 | D:5      | XOM: potion effect (invisibility)
  4710 | D:5      | XOM: confuse monster(s)
  4713 | D:5      | XOM: fake destruction
  4964 | D:5      | XOM: 4-stop teleportation journey
  4989 | D:5      | XOM: divination: detect items
  4993 | D:5      | Reached skill level 7 in Fighting
  5262 | D:6      | XOM: potion effect (invisibility)
  5314 | D:6      | XOM: confusion (+ monsters)
  5365 | D:6      | XOM: divination: detect creatures
  5427 | D:6      | XOM: noise
  5519 | D:6      | Reached skill level 5 in Spellcasting
  5519 | D:6      | Reached skill level 5 in Conjurations
  5519 | D:6      | Reached skill level 5 in Hexes
  5519 | D:6      | Reached skill level 5 in Summonings
  5519 | D:6      | Reached skill level 5 in Necromancy
  5519 | D:6      | Reached skill level 5 in Translocations
  5519 | D:6      | Reached skill level 5 in Transmutations
  5519 | D:6      | Reached skill level 5 in Fire Magic
  5519 | D:6      | Reached skill level 5 in Ice Magic
  5519 | D:6      | Reached skill level 5 in Air Magic
  5519 | D:6      | Reached skill level 5 in Earth Magic
  5519 | D:6      | Reached skill level 5 in Poison Magic
  5519 | D:6      | Reached XP level 9. HP: 49/70 MP: 0/0
  5519 | D:6      | Learned a level 3 spell: Ignite Poison
  5663 | D:6      | Found a glowing silver altar of Zin.
  6045 | D:7      | Noticed Joseph
  6298 | D:7      | Killed Joseph
  6299 | D:7      | Reached skill level 8 in Fighting
  6570 | D:6      | XOM: give mutations
  6570 | D:6      | Gained mutation: You are weak. (Str -2) [Xom's mischief]
  6570 | D:6      | Gained mutation: You have hidden genetic defects. [Xom's
                  | mischief]
  6570 | D:6      | Gained mutation: You are partially covered in large bone
                  | plates. (SH +4) [Xom's mischief]
  6716 | D:7      | Noticed Pikel
  6730 | D:7      | Killed Pikel
  6731 | D:7      | Reached skill level 9 in Fighting
  6752 | D:7      | Gained mutation: Armour fits poorly on your strangely
                  | shaped body. [hidden defects]
  6799 | D:7      | Found a flagged portal.
  7113 | D:7      | Found Goeguygrur's General Store.
  7312 | D:7      | Gained mutation: You do not regenerate when monsters are
                  | visible. [hidden defects]
  7312 | D:7      | Lost mutation: You have hidden genetic defects. [hidden
                  | defects expressed]
  7500 | D:7      | Noticed Menkaure
  7507 | D:7      | Killed Menkaure
  7508 | D:7      | Reached XP level 10. HP: 31/78 MP: 0/0
  7744 | D:7      | XOM: god gift: shiny steel ring {god gift}
  8069 | D:6      | XOM: cloud trail
  8272 | D:8      | XOM: summons 1 hostile shadow creature
  8437 | D:8      | Reached skill level 1 in Evocations
  8492 | D:8      | Reached skill level 10 in Fighting
  8577 | D:8      | Found a staircase to the Lair.
  8599 | D:8      | XOM: give mutations
  8599 | D:8      | Gained mutation: You expend health (3 HP) to strengthen
                  | your wands. [Xom's grace]
  8599 | D:8      | Gained mutation: Your spells are a little harder to cast,
                  | but a little more powerful. [Xom's grace]
  8599 | D:8      | Gained mutation: You passively map a small area around you.
                  | [Xom's grace]
  8599 | D:8      | Gained mutation: You have a somewhat thin skeletal
                  | structure. (Dex +2, Stealth+) [Xom's grace]
  8717 | D:8      | Found a runed translucent gate.
  8717 | D:8      | Found a runed translucent gate.
  8717 | D:8      | Found a runed translucent gate.
  8721 | D:8      | Noticed mmBingo's ghost (novice DsHW)
  8726 | D:8      | Noticed Grum
  8737 | D:8      | Killed Grum
  9028 | D:8      | XOM: cleaving
  9032 | D:8      | XOM: cast spell 'Alistair's Intoxication'
  9202 | D:8      | XOM: destruction
  9210 | D:8      | Identified the ring "Xaigi" {Wiz rElec Will+ rCorr} (Xom
                  | gifted it to you on level 8 of the Dungeon)
  9210 | D:8      | XOM: god gift: ring "Xaigi" {Wiz rElec Will+ rCorr}
  9482 | D:9      | Noticed Erica
  9490 | D:9      | XOM: summons friendly ufetubus
  9496 | D:9      | XOM: destruction
  9501 | D:9      | XOM: fog
  9509 | D:9      | XOM: scenery: 2 doors open
  9514 | D:9      | XOM: blink monster(s)
  9843 | D:9      | Erica changed into Erica the merfolk
  9843 | D:9      | Noticed Erica
  9843 | D:9      | XOM: polymorph Erica -> Erica the merfolk
  9844 | D:9      | XOM: confusion
  9852 | D:9      | XOM: enchant monster (bad)
 10079 | D:8      | Found a staircase to the Lair.
 10121 | D:8      | Found a runed translucent gate.
 10121 | D:8      | Found a runed translucent gate.
 10121 | D:8      | Found a runed translucent gate.
 10218 | D:8      | Killed Erica the merfolk
 10258 | D:8      | XOM: summons 4 hostile demons
 10259 | D:8      | Noticed a sixfirhy
 10560 | Temple   | Entered the Ecumenical Temple
 10568 | Temple   | XOM: draining
 10628 | Temple   | Fell from the grace of Xom
 10628 | Temple   | Became a worshipper of Dithmenos the Shadowed
 11312 | D:9      | Noticed Maurice
 11322 | D:9      | Killed Maurice
 11323 | D:9      | Reached skill level 1 in Invocations
 11563 | D:9      | XOM: god gift: scroll of immolation
 11620 | D:9      | XOM: summons 13 hostile demons
 11621 | D:9      | Noticed a sun demon
 11788 | D:9      | Reached skill level 5 in Evocations
 11788 | D:9      | Reached XP level 11. HP: 71/85 MP: 0/0
 11788 | D:9      | Learned a level 4 spell: Summon Lightning Spire
 12256 | D:9      | Found a runed translucent door.
 12256 | D:9      | Noticed a green ugly thing
 12267 | D:9      | Killed a green ugly thing
 12444 | D:9      | Noticed Maggie
 12453 | D:9      | Killed Maggie
 12497 | D:9      | XOM: give mutation
 12497 | D:9      | Gained mutation: You are strong-willed. (Will+) [Xom's
                  | grace]
 12525 | D:9      | XOM: draining
 12693 | D:9      | Noticed a six-headed hydra
 12693 | D:9      | Noticed a centaur warrior
 12734 | D:10     | Entered Level 10 of the Dungeon
 12861 | D:10     | XOM: god gift: encrusted long sword {god gift}
 12861 | D:10     | Identified the +5 long sword of the Pits of Slime {chaos,
                  | rF+ Int+3} (Xom gifted it to you on level 10 of the
                  | Dungeon)
 13660 | D:10     | Reached * piety under Dithmenos
 13725 | D:10     | Found a runed translucent door.
 13727 | D:10     | Noticed an ice dragon
 13737 | D:10     | Reached skill level 11 in Fighting
 13983 | D:10     | Noticed MacCMillion's ghost (journeyman GnIE)
 14340 | D:10     | Found a staircase to the Orcish Mines.
 14757 | D:10     | Lost mutation: You passively map a small area around you.
                  | [potion of mutation]
 14757 | D:10     | Lost mutation: You are weak. (Str -2) [potion of mutation]
 14759 | D:10     | Upgraded the game from 0.31-a0-200-gbc41564c69 to
                  | 0.31-a0-210-gccc998df9b
 14775 | D:11     | Found Geilu's Book Shop.
 14821 | D:11     | Found Nelamado's General Store.
 14827 | D:11     | XOM: 1-stop teleportation journey
 14841 | D:11     | Reached ** piety under Dithmenos
 14843 | D:11     | Noticed a cyclops
 14845 | D:11     | Killed a cyclops
 14846 | D:11     | Reached skill level 5 in Invocations
 15155 | D:11     | Noticed a manticore
 15714 | D:11     | Found Etoxa's Assorted Antiques.
 15722 | D:11     | Bought a viscous yellow potion for 22 gold pieces
 15722 | D:11     | Bought a potion of mutation for 200 gold pieces
 15722 | D:11     | Bought a scroll of enchant armour for 187 gold pieces
 15722 | D:11     | Bought an opalescent robe for 142 gold pieces
 15722 | D:11     | Identified the +0 robe "Leutuolaq" {-Cast rN+ Regen+} (You
                  | bought it in a shop on level 11 of the Dungeon)
 15745 | D:11     | XOM: noise
 15753 | D:11     | Noticed an eight-headed hydra
 16027 | D:11     | Slain by an eight-headed hydra

Illustrated notes

Levels and vault maps discovered:
D:1:      eino_arrival_water_star, layout_rooms
D:2:      layout_rooms, uniq_robin, uniq_natasha, uniq_crazy_yiuf_cottage
D:3:      layout_loops_corners, lemuel_round_altar, basic_ecumenical_altar,
          serial_shops, shop, minivault_5
D:4:      layout_loops_ring, minitemple, minmay_temple_entry_offerings,
          uniq_sigmund
D:5:      layout_loops_ring
D:6:      layout_rooms, mainiacjoe_overflow_catwalk
D:7:      layout_layer_cave, serial_shops, shop, enter_bailey_5, uniq_pikel,
          uniq_menkaure, uniq_joseph
D:8:      layout_gridville, lair_entry_dummy, gammafunk_ghost_spectres,
          uniq_grum
D:9:      layout_gridville, serial_glass, glass_columns_b, glass_columns_b,
          glass_columns_a, glass_columns_b, glass_columns_c, glass_columns_a,
          glass_columns_a, glass_columns_a, glass_columns_a, glass_columns_b,
          glass_columns_a, glass_columns_c, glass_columns_c, glass_columns_a,
          minmay_strange_pillars, minivault_13, uniq_maurice, uniq_erica,
          uniq_maggie
D:10:     layout_long_grid, hiddenorc2_lemuel, ebering_ghost_inner_flame,
          special_room [special_room_orc]
D:11:     minmay_distorted_concentric_squares, layout_gridville, serial_shops,
          shop, kennysheep_mini_moat, shop_fountains,
          nicolae_shop_overgrown_old_shop, st_stairs_9
Temple:   nicolae_temple_ecumenical_triangle

Skill      XL: |  1  2  3  4  5  6  7  8  9 10 11 |
---------------+----------------------------------+-----
Long Blades    | 3 |  3.0
Armour         | 2 |  2.0
Dodging        | 3 |  3.0
Spellcasting   | 1 3 5 6 7 8 |  8.8
Conjurations   | 1 3 5 6 7 8 |  8.8
Hexes          | 1 3 5 6 7 8 |  8.8
Summonings     | 1 3 5 6 7 8 |  8.8
Necromancy     | 1 3 5 6 7 8 |  8.8
Translocations | 1 3 5 6 7 8 |  8.8
Transmutations | 1 3 5 6 7 8 |  8.8
Fire Magic     | 1 3 5 6 7 8 |  8.8
Ice Magic      | 1 3 5 6 7 8 |  8.8
Air Magic      | 1 3 5 6 7 8 |  8.8
Earth Magic    | 1 3 5 6 7 8 |  8.8
Poison Magic   | 1 3 5 6 7 8 |  8.8
Fighting       | 4 5 6 7 9 10 11 | 11.7
Evocations     | 5 |  5.0
Invocations    | 1 5 |  5.0

Action                     |  1- 3 |  4- 6 |  7- 9 | 10-12 || total
---------------------------+-------+-------+-------+-------++-------
  Melee: Falchion          |    85 |   238 |    92 |       ||   415
         Punch             |       |     5 |     1 |       ||     6
         Hand axe          |       |       |     1 |       ||     1
         Long sword        |       |       |       |    11 ||    11
   Cast: Sting             |       |     3 |    65 |   141 ||   209
         Call Imp          |       |     3 |       |       ||     3
         Volatile Blastmot |       |       |    47 |    41 ||    88
         Ignite Poison     |       |       |    26 |    81 ||   107
         Summon Lightning  |       |       |       |    25 ||    25
  Evoke: Wand              |       |       |     1 |     2 ||     3
         Piece from Xom's  |       |       |     1 |       ||     1
    Use: Potion            |     2 |       |     3 |     5 ||    10
         Scroll            |       |    10 |     5 |     6 ||    21
   Stab: Paralysed         |     4 |       |       |       ||     4
         Invisible         |     1 |       |     4 |       ||     5
         Sleeping          |       |     1 |       |       ||     1
         Distracted        |       |       |       |     1 ||     1
 Armour: Leather armour    |    33 |    88 |    92 |    65 ||   278
         Skin              |       |       |     1 |       ||     1
  Dodge: Dodged            |    74 |   175 |   120 |   158 ||   527
  Block: Other             |       |       |    12 |    47 ||    59

Table legend: (Time is in decaauts)
 A = Elapsed time spent in this place.
 B = Non-inter-level travel time spent in this place.
 C = Inter-level travel time spent in this place.
 D = Time resting spent in this place.
 E = Time spent auto-exploring this place.
 F = Levels seen in this place.
 G = Mean time per level.
                   A        B        C        D        E       F      G
               +--------+--------+--------+--------+--------+-----+--------+
         Total |  16094 |  15438 |    656 |   5605 |   6642 |  12 | 1341.2 |
       Dungeon |  16020 |  15365 |    655 |   5605 |   6642 |  11 | 1456.4 |
        Temple |     73 |     73 |      0 |      0 |      0 |   1 |   73.0 |
               +--------+--------+--------+--------+--------+-----+--------+

Top non-repeatable levels by time:
    D:10: 2549 daAuts
     D:8: 2022 daAuts
     D:9: 1969 daAuts
     D:7: 1898 daAuts
     D:6: 1494 daAuts
     D:5: 1255 daAuts
     D:4: 1153 daAuts
     D:2: 1101 daAuts
     D:3: 1062 daAuts
     D:1: 762 daAuts
    D:11: 749 daAuts
  Temple: 73 daAuts
